 Dungeon Crawl Stone Soup version 0.22.0-49-gab54619 (webtiles) character file.

167 Folque the Vexing (level 5, -5/48 HPs)
             Began as an Ogre Arcane Marksman on Sept 6, 2018.
             Killed from afar by an orc (45 damage)
             ... with an exploding inner flame
             ... hexed by the player character
             ... on level 4 of the Dungeon.
             The game lasted 00:11:23 (3462 turns).

Folque the Vexing (Ogre Arcane Marksman)            Turns: 3462, Time: 00:11:25

Health: -5/48      AC:  4    Str: 14    XL:     5   Next: 48%
Magic:  0/9        EV: 10    Int: 14    God:
Gold:   181        SH:  0    Dex: 10    Spells: 1/10 levels left

rFire    . . .     SeeInvis +   e - +0 hand axe
rCold    . . .     Gourm    .   (no shield)
rNeg     . . .     Faith    .   a - +0 robe
rPois    .         Spirit   .   (helmet restricted)
rElec    .         Reflect  .   j - +0 cloak
rCorr    .         Harm     .   (gloves unavailable)
MR       .....                  (boots unavailable)
Stlth    +.........             (no amulet)
HPRegen  0.16/turn              l - ring of see invisible
MPRegen  0.11/turn              (no ring)

@: no status effects
A: large, unfitting armour, tough skin 1
a: no special abilities


You were on level 4 of the Dungeon.
You were near starving.

You visited 1 branch of the dungeon, and saw 4 of its levels.

You collected 181 gold pieces.

Inventory:

Hand Weapons
 e - a +0 hand axe (weapon)
 h - a +4 hunting sling of freezing
 p - a +2 mace of distortion
 t - a +0 blowgun
Missiles
 c - 4 large rocks (quivered)
 d - 2 throwing nets
 o - 43 stones
 v - 4 poisoned needles
Armour
 a - a +0 robe (worn)
 j - a +0 cloak (worn)
Jewellery
 l - a ring of see invisible (left hand)
 q - a cursed -2 ring of dexterity {unknown}
Scrolls
 b - 2 scrolls of identify
 g - a scroll of magic mapping {unknown}
 k - a scroll of fear {unknown}
 r - a scroll of enchant weapon {unknown}
Potions
 s - a potion of degeneration {unknown}
Comestibles
 f - 2 rations


   Skills:
 - Level 1.3 Fighting
 - Level 0.6(1.5) Slings
 * Level 3.0(3.1) Throwing
 - Level 1.7 Dodging
 * Level 3.3 Spellcasting
 - Level 3.4 Hexes
 + Level 1.8 Translocations


You had one spell level left.
You knew the following spells:

 Your Spells              Type           Power        Failure   Level  Hunger
a - Corona                Hex            ##.....      5%          1    #......
b - Slow                  Hex            ##......     8%          2    ##.....
d - Inner Flame           Hex/Fire       #.......     30%         3    ###....
s - Portal Projectile     Hex/Tloc       #.....       22%         3    ###....

Your spell library contained the following spells:

 Spells                   Type           Power        Failure   Level  Hunger
 Cause Fear               Hex            ##........   45%         4    #####..
 Leda's Liquefaction      Hex/Erth       #.........   71%         4    #####..


Dungeon Overview and Level Annotations

Branches:
Dungeon (4/15)
 Temple: D:4-7

Altars:
Cheibriados
Dithmenos
Sif Muna


Innate Abilities, Weirdness & Mutations

You are too large for most types of armour.
You have tough skin. (AC +1)


Message History

Confirm with . or Enter, or press ? or * to list all spells.
Aiming: Inner Flame (safe; 32% risk of failure)
Press: ? - help, Shift-Dir - straight line, f/p - orc
Aim: an orc (chance to defeat MR: 66%)
The orc is filled with an inner flame.
The orc closely misses you. The orc hits you.
You closely miss the orc. You hit the orc. The orc hits you.
The orc hits you but does no damage. x2
You hit the orc.
The orc is heavily wounded.
You hit the orc. The orc hits you but does no damage. x2
The orc barely misses you.
You hit the orc.
The orc explodes!
The fiery explosion engulfs the hound.
You kill the hound!
Your Throwing skill increases to level 3!
The fiery explosion engulfs you!
Ouch! That really hurt!
You die...

## ###### # # ......
. ..### #......
...>.###### .......
#......##.......
###§§#..........
##o§§..#.......
#.@###.......o.
#..........##.....o.
.............#......
#..........#........
#.......>..# .....#.
###....###.. .....
..##. .... ... >.#
## ..#.


You could see an orc.

Vanquished Creatures
  A hound (D:4)
  3 worker ants
  A worm (D:1)
  2 dart slugs (D:2)
  4 leopard geckos
  A giant cockroach (D:3)
  11 goblins
  4 hobgoblins
  7 jackals
  6 kobolds
  A quokka (D:2)
  2 ball pythons
  6 bats
  3 frilled lizards
  5 rats
57 creatures vanquished.

Notes
Turn   | Place    | Note
-------+----------+-------------------------------------------
     0 | D:1      | Folque the Ogre Arcane Marksman began the quest for the
                  | Orb.
     0 | D:1      | Reached XP level 1. HP: 19/19 MP: 2/2
   321 | D:1      | Found a snail-covered altar of Cheibriados.
   332 | D:1      | Reached XP level 2. HP: 25/27 MP: 3/5
   876 | D:1      | Learned a level 2 spell: Slow
   918 | D:1      | Reached XP level 3. HP: 33/33 MP: 0/6
  1118 | D:2      | Learned a level 3 spell: Portal Projectile
  1124 | D:2      | Found a shadowy altar of Dithmenos.
  1410 | D:2      | Reached skill level 1 in Translocations
  1436 | D:2      | Reached XP level 4. HP: 41/41 MP: 5/7
  1555 | D:2      | Found a deep blue altar of Sif Muna.
  3149 | D:3      | Reached XP level 5. HP: 18/48 MP: 2/9
  3154 | D:3      | Learned a level 3 spell: Inner Flame
  3462 | D:4      | Killed from afar by an orc

Skill      XL: |  1  2  3  4  5 |
---------------+----------------+-----
Spellcasting   | 2 3 |  3.3
Hexes          | 3 |  3.4
Translocations | 1 |  1.8
Throwing       | 3 |  3.0
Fighting       | |  1.3
Slings         | |  0.6
Dodging        | |  1.7

Action                   |  1- 3 |  4- 6 || total
-------------------------+-------+-------++-------
Melee: Hand axe          |   106 |    79 ||   185
Throw: Large rock        |     1 |     2 ||     3
 Cast: Corona            |    30 |    31 ||    61
       Slow              |     1 |     4 ||     5
       Inner Flame       |       |     3 ||     3
  Use: Scroll            |     2 |       ||     2
       Potion            |       |     2 ||     2
 Stab: Sleeping          |     1 |       ||     1
  Eat: Chunk             |     3 |     5 ||     8
Armor: Robe              |    56 |    38 ||    94
       Skin              |       |     4 ||     4
Dodge: Dodged            |    88 |    42 ||   130
